Map: Emerald City CE

Players

rwby

  • Race: Terran Terran
  • League: Master
  • Spawn Location: 5:00

doNped

  • Race: Zerg Zerg
  • Spawn Location: 5:00

Ekelpack - Winner!

  • Race: Zerg Zerg
  • Spawn Location: 11:00

Nyck - Winner!

  • Race: Terran Terran
  • Spawn Location: 11:00

VOD

Have the link to the VOD?

Description

Time

  • Played on: Jan. 1, 2025, 2:09 p.m.
  • Length: 12:34
Show
View Real Time Build Order
Export as new Build Order

rwby Terran 

Build Orders:  

Get SALT Encoding   

  12  0:00  SCV  
  13  0:13  SCV  
  14  0:25  Supply Depot, SCV  
  15  0:47  SCV  
  16  0:50  Barracks  
  16  0:51  Refinery  
  16  0:59  SCV  
  17  1:04  Barracks  
  17  1:11  SCV  
  18  1:15  Refinery  
  18  1:24  SCV  
  19  1:39  Reaper  
  20  1:42  Orbital Command  
  20  1:58  Supply Depot  
  20  2:00  Reaper  
  21  2:18  SCV  
  21  2:19  Reaper  
  23  2:28  Factory  
  23  2:33  Reaper  
  23  2:35  SCV  
  25  2:48  SCV  
  26  2:57  Barracks Reactor  
  26  3:03  SCV  
  27  3:07  Supply Depot  
  27  3:15  Command Center  
  27  3:47  SCV  
  27  3:48  Barracks Tech Lab  
  28  3:51  Starport  
  28  3:53  Hellion x2  
  32  4:03  Reaper  
  32  4:04  SCV  
  34  4:10  Starport  
  34  4:16  SCV  
  37  4:17  Hellion x2  
  39  4:28  Supply Depot, SCV  
  40  4:34  Viking  
  42  4:40  Engineering Bay  
  42  4:41  Orbital Command, Engineering Bay  
  42  4:54  Hellion  
  42  4:55  Hellion, Stimpack  
  42  4:56  Marine  
  47  5:09  Starport Reactor  
  47  5:23  Supply Depot  
  47  5:24  Supply Depot  
  38  5:42  Widow Mine  
  35  5:43  Widow Mine  
  35  5:44  Barracks Reactor  
  35  5:46  SCV  
  35  5:47  Missile Turret  
  36  5:51  Missile Turret  
  36  5:52  Terran Infantry Weapons Level 1, Missile Turret x2, Terran Infantry Armor Level 1  
  36  5:53  Medivac  
  38  5:59  SCV  
  38  6:03  SCV  
  40  6:05  Missile Turret  
  39  6:15  Widow Mine x2  
  39  6:16  Marine  
  44  6:29  Missile Turret  
  44  6:33  SCV  
  44  6:34  Marine, Missile Turret  
  46  6:51  Marine  
  46  6:52  Viking  
  46  6:53  Command Center, Viking  
  51  6:54  Combat Shield  
  51  6:56  SCV  
  52  7:09  Marine  
  52  7:10  SCV x2  
  52  7:14  Refinery  
  55  7:16  Marine x2  
  55  7:22  SCV x2  
  59  7:27  Marine  
  60  7:33  Medivac x2  
  60  7:34  Marine  
  65  7:41  SCV, Barracks x2  
  65  7:42  Barracks  
  66  7:49  SCV, Armory  
  67  7:53  Marine x2  
  67  7:55  Widow Mine  
  71  7:59  SCV  
  70  8:06  SCV  
  71  8:14  Marine x3  
  74  8:22  Widow Mine  
  74  8:23  SCV  
  74  8:24  SCV  
  78  8:30  Barracks Tech Lab  
  78  8:31  Barracks Reactor x2  
  78  8:32  Supply Depot  
  78  8:36  SCV x2  
  80  8:45  Planetary Fortress  
  80  8:48  SCV x2, Widow Mine x2  
  86  8:54  Terran Infantry Weapons Level 2  
  86  8:59  Terran Infantry Armor Level 2  
  86  9:00  SCV x2, Marine x4  
  92  9:04  Refinery  
  92  9:18  Marine x4, Missile Turret  
  95  9:27  SCV x2  
  95  9:28  Widow Mine x2  
  101  9:36  Missile Turret  
  101  9:43  Supply Depot x2  
  101  9:51  Barracks x2  
  101  9:53  Barracks  
  101  10:04  SCV x3, Marine x5, Sensor Tower  
  101  10:05  Marine x2, Medivac  
  101  10:06  Marine  
  114  10:16  SCV x3  
  114  10:20  Refinery  
  117  10:23  Supply Depot  
  117  10:24  Missile Turret  
  117  10:25  Missile Turret  
  117  10:28  Missile Turret  
  117  10:29  Supply Depot  
  117  10:44  Marine x2, Viking  
  117  10:45  Widow Mine x2  
  125  10:50  Viking  
  125  10:52  Supply Depot x2  
  124  11:10  Supply Depot  
  124  11:12  Marine  
  124  11:13  Marine  
  124  11:16  Widow Mine  
  124  11:17  Widow Mine  
  128  11:25  Ghost Academy  
  128  11:28  Barracks Tech Lab x2  
Show
View Real Time Build Order
Export as new Build Order

doNped Zerg 

Build Orders: Hatch First 

Get SALT Encoding   

  12  0:18  Overlord  
  12  0:23  Drone x2  
  14  0:37  Drone  
  14  0:42  Drone  
  16  0:54  Drone  
  17  1:05  Drone  
  18  1:13  Drone  
  18  1:16  Extractor  
  18  1:19  Hatchery  
  18  1:20  Spawning Pool  
  16  1:29  Drone  
  17  1:49  Drone x2  
  19  2:16  Queen  
  19  2:18  Drone  
  22  2:25  Hatchery  
  22  2:28  Metabolic Boost  
  21  2:38  Drone x4  
  25  2:57  Extractor  
  24  3:02  Queen  
  24  3:03  Drone x2  
  28  3:24  Overlord  
  28  3:25  Overlord  
  28  3:32  Spine Crawler  
  27  3:35  Drone  
  28  3:45  Drone x7  
  28  3:46  Drone  
  36  3:58  Spine Crawler  
  36  3:59  Lair  
  36  4:02  Drone x4  
  39  4:07  Overlord  
  39  4:21  Drone x6  
  45  4:28  Roach Warren  
  44  4:41  Queen  
  46  4:47  Extractor  
  46  4:48  Spore Crawler  
  46  4:50  Spore Crawler, Extractor  
  42  4:55  Overlord  
  42  5:04  Hydralisk Den  
  41  5:10  Evolution Chamber, Roach x3  
  41  5:11  Evolution Chamber  
  45  5:27  Drone x2  
  45  5:28  Drone x4  
  51  5:36  Grooved Spines  
  51  5:39  Hatchery  
  51  5:40  Zerg Missile Weapons Level 1  
  51  5:53  Spore Crawler, Ravager x3  
  51  5:54  Spore Crawler  
  51  6:03  Spore Crawler  
  50  6:09  Hydralisk  
  50  6:10  Hydralisk x3  
  50  6:11  Spore Crawler  
  57  6:15  Overlord x2  
  57  6:26  Muscular Augments  
  57  6:33  Zerg Ground Armor Level 1  
  57  6:34  Hydralisk  
  57  6:35  Hydralisk  
  61  6:41  Drone x3  
  61  6:43  Drone  
  61  6:44  Drone  
  66  7:01  Infestation Pit  
  65  7:16  Spore Crawler  
  64  7:27  Spore Crawler  
  64  7:28  Overlord  
  64  7:29  Overlord x6  
  63  7:46  Hive  
  63  7:49  Drone x2  
  63  7:50  Drone  
  66  7:51  Drone  
  66  7:52  Drone x3  
  66  7:53  Drone  
  66  7:57  Zergling x2  
  72  7:58  Zergling x2  
  73  8:18  Hydralisk x2  
  77  8:27  Hatchery  
  76  8:39  Hydralisk x6  
  87  9:05  Viper x2  
  87  9:06  Viper  
  95  9:11  Queen  
  97  9:31  Drone x4  
  97  9:32  Drone x9  
  110  10:04  Spore Crawler  
  110  10:05  Spore Crawler  
  108  10:08  Extractor  
  108  10:09  Drone x10  
  108  10:10  Drone x3, Extractor  
  119  10:17  Overlord  
  119  10:19  Overlord x3  
  109  11:26  Lurker Den  
  71  12:23  Spire  
Show
View Real Time Build Order
Export as new Build Order

Ekelpack Zerg - Winner!

Build Orders: Hatch First 

Get SALT Encoding   

  12  0:00  Drone  
  13  0:12  Overlord  
  13  0:17  Drone  
  14  0:31  Drone  
  15  0:40  Drone  
  16  0:48  Hatchery  
  15  0:56  Drone  
  16  1:08  Spawning Pool  
  15  1:13  Drone, Extractor  
  15  1:20  Drone  
  15  1:21  Drone  
  15  1:25  Drone  
  18  1:35  Drone  
  19  1:46  Drone  
  20  1:55  Queen  
  20  2:00  Queen  
  24  2:03  Drone  
  24  2:07  Drone  
  26  2:09  Drone  
  26  2:13  Drone  
  28  2:19  Overlord  
  28  2:25  Extractor  
  27  2:31  Lair  
  27  2:33  Drone  
  28  2:39  Drone  
  29  2:48  Drone x2  
  29  2:50  Drone x2  
  33  2:54  Drone  
  34  3:02  Drone  
  34  3:04  Overlord  
  35  3:07  Drone  
  35  3:09  Extractor  
  35  3:10  Drone  
  36  3:15  Extractor  
  34  3:30  Drone x3  
  34  3:33  Overlord  
  37  3:34  Spire  
  37  3:35  Drone  
  37  3:38  Metabolic Boost  
  37  3:47  Spine Crawler, Drone  
  37  3:54  Drone  
  38  3:56  Drone x2  
  38  3:57  Drone  
  38  3:58  Drone  
  42  4:07  Overlord  
  42  4:10  Drone  
  42  4:11  Drone  
  42  4:12  Drone  
  45  4:30  Overlord  
  45  4:47  Mutalisk x5  
  45  4:48  Mutalisk x3  
  45  4:51  Mutalisk  
  63  4:56  Zerg Flyer Weapons Level 1  
  63  5:13  Hatchery  
  62  5:28  Mutalisk x3  
  62  5:29  Overlord x3  
  68  5:58  Drone x6  
  68  5:59  Drone x3  
  77  6:23  Extractor  
  77  6:24  Drone, Extractor  
  77  6:25  Drone x3  
  79  6:26  Queen  
  79  6:32  Drone  
  82  6:39  Infestation Pit  
  81  6:44  Drone  
  82  6:53  Drone  
  83  6:54  Zerg Flyer Weapons Level 2  
  83  7:07  Overlord x2  
  83  7:15  Overlord  
  83  7:31  Hive, Pneumatized Carapace  
  83  7:49  Drone x2  
  83  7:50  Drone x4  
  89  7:51  Overlord x4  
  89  7:52  Overlord x2  
  89  7:58  Evolution Chamber  
  89  8:01  Evolution Chamber  
  89  8:02  Zergling x10  
  89  8:03  Zergling x12  
  89  8:04  Zergling x2  
  99  8:15  Overseer x2  
  99  8:16  Overseer x2  
  99  8:47  Zerg Melee Weapons Level 1  
  99  8:48  Zerg Ground Armor Level 1  
  99  8:49  Ultralisk Cavern  
  98  9:39  Ultralisk x5  
  98  9:40  Ultralisk x7  
  98  9:42  Overlord x4  
  169  10:04  Hatchery  
  169  10:06  Chitinous Plating  
  168  10:10  Adrenal Glands  
  168  10:12  Zergling x4  
  168  10:13  Zergling x12  
  176  10:38  Ultralisk x2  
  173  11:07  Ultralisk x2  
  173  11:08  Zergling x8, Ultralisk  
  192  11:25  Anabolic Synthesis, Overlord x4  
  169  11:53  Zergling x10, Ultralisk x2  
  169  11:54  Zergling x12  
  188  11:55  Zergling x10  
  191  12:06  Zergling x4  
  191  12:07  Zergling x8  
Show
View Real Time Build Order
Export as new Build Order

Nyck Terran - Winner!

Build Orders: 2 Factory, Hellion Opening, Mech 

Get SALT Encoding   

  12  0:00  SCV  
  13  0:12  SCV  
  14  0:17  Supply Depot  
  14  0:24  SCV  
  15  0:40  SCV  
  16  0:43  Barracks  
  16  0:47  Refinery  
  16  0:51  Refinery  
  16  0:56  SCV  
  17  1:17  SCV  
  18  1:30  Reaper  
  19  1:32  Orbital Command  
  19  1:56  Supply Depot  
  19  1:59  Factory  
  19  2:00  SCV  
  20  2:03  Barracks Reactor  
  20  2:14  SCV  
  21  2:21  Supply Depot  
  21  2:30  SCV  
  21  2:53  Factory  
  21  2:55  Hellion x2, Barracks Reactor  
  21  2:56  SCV  
  26  3:08  SCV  
  27  3:16  Hellion x2  
  31  3:39  Hellion  
  31  3:40  Hellion  
  35  3:41  Factory Tech Lab  
  35  3:46  Factory  
  35  3:53  Command Center  
  35  3:59  SCV  
  35  4:01  Infernal Pre-Igniter  
  36  4:09  Hellion  
  38  4:17  Supply Depot  
  38  4:18  Siege Tank  
  38  4:19  Hellion  
  43  4:28  SCV  
  44  4:40  SCV  
  45  4:48  Factory Tech Lab  
  45  4:50  Siege Tank  
  48  5:01  SCV  
  49  5:13  SCV  
  50  5:22  Command Center  
  50  5:25  SCV  
  41  5:41  SCV  
  41  5:42  Orbital Command  
  38  5:46  Hellion x2  
  40  5:53  SCV, Siege Tank  
  44  6:09  SCV x2  
  46  6:15  Refinery  
  46  6:20  Supply Depot, Refinery  
  46  6:21  SCV x2  
  48  6:33  SCV x2  
  48  6:34  Hellion  
  48  6:35  Hellion  
  54  6:44  Command Center  
  54  6:47  Supply Depot  
  54  6:58  Siege Tank x2  
  60  7:03  Engineering Bay  
  60  7:07  Armory  
  60  7:09  Armory  
  60  7:11  SCV x2  
  62  7:17  Hellion x2  
  62  7:22  Orbital Command  
  66  7:25  SCV  
  66  7:26  SCV  
  68  7:43  SCV x2  
  70  7:48  Siege Tank x2  
  70  7:49  Hellion x2  
  81  7:51  SCV  
  81  7:55  SCV  
  81  7:56  Orbital Command, SCV  
  83  8:03  SCV  
  83  8:04  Supply Depot  
  84  8:08  SCV x2  
  86  8:15  SCV  
  87  8:20  SCV x2  
  87  8:21  Siege Tank x2  
  87  8:22  Hellion x2  
  99  8:29  SCV  
  100  8:37  Terran Vehicle Weapons Level 1  
  100  8:38  Terran Ship Weapons Level 1  
  100  8:43  Orbital Command  
  100  8:53  Siege Tank x2  
  100  8:54  SCV  
  100  8:55  SCV x2  
  109  8:57  Hellion x2  
  113  9:06  SCV  
  113  9:07  SCV x2  
  116  9:10  Refinery  
  116  9:12  Refinery  
  116  9:16  SCV  
  117  9:19  SCV x3  
  120  9:25  Siege Tank  
  120  9:29  SCV  
  124  9:35  SCV, Hellion x2, Siege Tank  
  124  9:36  SCV x2  
  134  9:41  SCV  
  135  9:47  SCV  
  135  9:48  SCV x2  
  138  9:53  SCV  
  138  9:57  Siege Tank, Hellion  
  138  9:59  SCV  
  145  10:00  SCV x2  
  145  10:01  Starport  
  145  10:02  Starport  
  145  10:04  Starport  
  145  10:05  SCV  
  148  10:09  Starport  
  148  10:18  Supply Depot, SCV x2, Siege Tank  
  153  10:24  SCV  
  153  10:25  SCV  
  155  10:30  SCV x2  
  157  10:37  SCV  
  157  10:38  SCV  
  157  10:40  Refinery  
  157  10:41  Supply Depot  
  159  10:43  Refinery  
  159  10:45  SCV x2  
  159  10:47  Siege Tank  
  159  10:49  SCV  
  165  10:50  SCV  
  167  10:57  SCV x2  
  167  11:02  SCV x2  
  167  11:03  Supply Depot  
  170  11:09  SCV x2  
  172  11:14  SCV x2  
  174  11:26  Supply Depot  
  174  11:28  Siege Tank x2  
  174  11:29  Hellion x2  
  184  11:48  Supply Depot  
  184  11:52  Hellion x2  
  188  12:00  Siege Tank x2  
  194  12:12  Supply Depot  
  200  12:34  Supply Depot  
Tags
 
Add a new tag
Caveats
  • Supply blocks, unpowered buildings, or Contaminate may cause inaccurate times.
  • Supply counts are checked every 10 seconds.